AoeStats
← cocolisodon

Black Forest

505582275Analyzed
4v4 RM · 21d ago on Sep 10, 2026· 61m 28s· 8 players
Game mode
Random Map
Map size
Large (8 player)
Population
200
Speed
Normal
Resources
Standard
Victory
Conquest
Starting age
Dark Age
Ending age
Imperial Age
RankedLock teamsTeams togetherTeam positionsShared explorationLock speedFull tech treeHidden civsTurbo modeCheats
Victory
Defeat
🇨🇴 Spanish · Colombia
1015
+11
🇨🇴 Mongols · Colombia
975
+12
🇨🇴 Italians · Colombia
910
+15
🇺🇸 Magyars · United States
857
+17
🇺🇸 Aztecs · United States
912
-15
🇲🇽 Portuguese · Mexico
902
-14
🇺🇸 Lithuanians · United States
880
-13
🇨🇦 Khmer · Canada
873
-13
Cowabunga please
0:37 Loom
14:33 Feudal Age
18:56 Castle Age
16:53 Fletching
18:07 Double-Bit Axe
18:35 Padded Archer Armor
20:05 Bodkin Arrow
19:59 Crossbowman
22:42 Leather Archer Armor
24:42 Fishing Lines
26:17 Gillnets
27:34 Gold Mining
28:40 Gillnets
32:37 Imperial Age
30:07 Stone Mining
30:06 Elite Skirmisher
31:25 Scale Mail Armor
31:56 Squires
34:23 Wheelbarrow
33:34 Town Watch
34:07 Bracer
34:19 Arson
34:53 Forging
35:49 Ballistics
36:03 Hand Cart
35:48 Town Patrol
35:18 Eagle Warrior
38:23 Chemistry
38:38 Chain Mail Armor
38:45 Onager
40:02 Caravan
41:12 Bow Saw
41:29 Fortified Wall
41:04 Siege Onager
42:40 Fortified Wall
42:58 Conscription
43:16 Garland Wars
43:03 Atlatl
42:29 Pikeman
52:12 Garland Wars
55:23 Chain Mail Armor
56:46 Elite Eagle Warrior
59:40 Plate Mail Armor
59:45 Iron Casting
jkjunkmailreader
0:29 Loom
12:01 Feudal Age
12:32 Double-Bit Axe
12:29 Horse Collar
20:47 Castle Age
18:40 Stone Mining
19:10 Gold Mining
22:12 Bow Saw
22:05 Heavy Plow
22:50 Stone Shaft Mining
32:18 Imperial Age
30:34 Wheelbarrow
30:40 Pikeman
31:21 Squires
31:42 Fortified Wall
32:12 Hand Cart
32:36 Fletching
34:00 Chemistry
33:22 Scale Mail Armor
33:14 Treadmill Crane
34:28 Conscription
34:35 Masonry
34:26 Bodkin Arrow
36:05 Two-Man Saw
36:25 Architecture
35:52 Murder Holes
36:36 Forging
36:27 Halberdier
39:20 Ballistics
39:41 Chain Mail Armor
39:27 Bracer
40:03 Iron Casting
42:10 Scale Barding Armor
42:34 Elite Leitis
42:52 Elite Skirmisher
44:27 Chain Barding Armor
48:14 Town Watch
49:59 Caravan
50:10 Guilds
50:46 Plate Barding Armor
50:49 Tower Shields
51:25 Hoardings
TenPacificNW
0:27 Loom
12:11 Feudal Age
13:42 Double-Bit Axe
15:26 Wheelbarrow
14:40 Horse Collar
21:23 Castle Age
20:29 Stone Mining
20:36 Gold Mining
21:53 Fletching
22:32 Hand Cart
22:02 Town Watch
22:43 Caravan
24:43 Pikeman
29:41 Elite Skirmisher
31:44 Town Patrol
32:28 Padded Archer Armor
33:11 Fortified Wall
33:49 Arson
34:05 Bodkin Arrow
34:11 Scale Mail Armor
35:46 Bow Saw
35:57 Crossbowman
37:00 Leather Archer Armor
36:46 Murder Holes
39:44 Scale Barding Armor
39:54 Chain Mail Armor
43:21 Imperial Age
41:37 Thumb Ring
43:41 Halberdier
45:49 Chemistry
45:37 Bracer
45:49 Forging
50:17 Iron Casting
sensticks
8:25 Loom
12:17 Feudal Age
13:11 Double-Bit Axe
18:32 Castle Age
17:26 Fletching
19:14 Pikeman
20:33 Wheelbarrow
25:09 Bow Saw
25:40 Fishing Lines
25:59 Horse Collar
29:13 Stone Mining
31:59 Imperial Age
31:38 Gold Mining
32:06 Caravan
33:11 Hand Cart
34:04 Siege Engineers
34:08 Double Crossbow
35:10 Conscription
36:05 Scale Mail Armor
36:15 Forging
36:56 Halberdier
39:17 Elite Ballista Elephant
44:45 Chain Mail Armor
45:06 Iron Casting
45:58 Tusk Swords
48:31 Scale Barding Armor
49:26 Blast Furnace
56:34 Heavy Scorpion
cocolisodon
13:39 Feudal Age
14:24 Double-Bit Axe
16:27 Horse Collar
21:07 Castle Age
18:54 Loom
19:11 Gold Mining
23:34 Bow Saw
25:51 Heavy Plow
26:56 Wheelbarrow
30:19 Hand Cart
31:05 Pikeman
32:02 Scale Barding Armor
31:56 Fletching
33:28 Gold Shaft Mining
32:44 Stone Mining
36:22 Imperial Age
34:34 Corvinian Army
36:37 Chain Barding Armor
36:19 Scale Mail Armor
36:15 Bodkin Arrow
37:07 Caravan
37:43 Crop Rotation
36:54 Elite Magyar Huszar
37:55 Conscription
38:14 Halberdier
38:43 Arson
41:51 Two-Man Saw
41:32 Bracer
42:08 Plate Barding Armor
42:28 Bloodlines
42:19 Husbandry
44:35 Chemistry
43:56 Ballistics
43:23 Light Cavalry
46:46 Padded Archer Armor
47:02 Chain Mail Armor
50:20 Capped Ram
58:18 Leather Archer Armor
Maoelite
5:19 Loom
13:31 Feudal Age
14:52 Man-at-Arms
20:09 Castle Age
18:18 Man-at-Arms
21:40 Double-Bit Axe
21:38 Horse Collar
25:47 Stone Mining
29:02 Wheelbarrow
31:43 Elite Skirmisher
35:34 Hand Cart
35:05 Town Watch
36:02 Forging
35:58 Scale Barding Armor
35:44 Fletching
35:57 Padded Archer Armor
35:57 Scale Mail Armor
37:05 Thumb Ring
42:59 Imperial Age
43:42 Bow Saw
43:50 Leather Archer Armor
43:50 Chain Mail Armor
44:11 Iron Casting
43:31 Bodkin Arrow
45:58 Chemistry
45:19 Ballistics
47:22 Bracer
48:23 Blast Furnace
47:53 Plate Mail Armor
47:54 Ring Archer Armor
47:34 Town Patrol
Cen7aurus
3:00 Loom
12:57 Feudal Age
19:19 Castle Age
19:02 Scale Barding Armor
19:08 Forging
21:08 Double-Bit Axe
24:40 Horse Collar
25:12 Bow Saw
25:41 Fletching
28:17 Heavy Plow
31:14 Bodkin Arrow
31:20 Padded Archer Armor
33:49 Leather Archer Armor
35:09 Wheelbarrow
38:35 Imperial Age
37:12 Ballistics
38:28 Chain Barding Armor
38:43 Iron Casting
39:28 Bracer
39:38 Gold Mining
39:27 Light Cavalry
40:19 Bloodlines
40:09 Husbandry
40:55 Gold Shaft Mining
41:27 Hand Cart
41:44 Conscription
42:47 Hussar
53:06 Iron Casting
55:27 Blast Furnace
54:48 Nomads
sensuy
0:40 Loom
12:38 Feudal Age
16:42 Castle Age
17:07 Double-Bit Axe
17:43 Bloodlines
18:00 Husbandry
19:10 Scale Barding Armor
21:44 Horse Collar
26:02 Wheelbarrow
26:21 Caravan
27:52 Forging
28:03 Chain Barding Armor
28:36 Gold Mining
33:05 Imperial Age
31:45 Hand Cart
32:09 Iron Casting
32:11 Town Watch
34:06 Conscription
33:10 Cavalier
33:29 Cavalier
35:05 Plate Barding Armor
35:31 Blast Furnace
35:37 Chemistry
35:20 Town Patrol
36:24 Stone Mining
38:17 Paladin
44:29 Fletching
44:40 Padded Archer Armor
53:08 Bow Saw
Connection lost

Rejoining the realm…

Still unreachable

The connection could not be restored.

Session expired

The server has moved on; the page needs a fresh start.